 Dungeon Crawl Stone Soup version 0.31-a0-152-g6aa68a64a1 (webtiles) character file.

Game seed: 11083705754677411549

1425 ryw the Trooper (level 8, -11/68 HPs)
             Began as a Demonspawn Monk on June 11, 2023.
             Killed from afar by Edmund (13 damage)
             ... with a puff of flame
             ... on level 5 of the Dungeon.
             The game lasted 00:07:49 (4473 turns).

ryw the Trooper (Demonspawn Monk)                   Turns: 4473, Time: 00:07:50

Health: -11/68     AC:  7    Str: 12 (13) XL:     8   Next: 44%
Magic:  8/8        EV: 13    Int:  9 (12) God:
Gold:   247        SH:  0    Dex: 15 (16) Spells: 7/7 levels left

rFire   x .          .
                       - Unarmed
rCold   . . .        c - orb {light}
rNeg    . . .        u - +0 scale mail
rPois   .            (helmet restricted)
rElec   .            (no cloak)
rCorr   .            (no gloves)
SInv    +            (no boots)
Will    +....        (no amulet)
Stlth   +            l - ring of see invisible
HPRegen 0.31/turn    (no ring)
MPRegen 0.11/turn

%: no passive effects
@: lethally poisoned (-11 -> -18), enlightened, flying, glowing
A: horns 1, foul stench 2, spiny 1, sturdy frame 3, wild magic 1, heat
vulnerability 1, noise suppression
a: no special abilities


You were on level 5 of the Dungeon.
You visited 1 branch of the dungeon, and saw 5 of its levels.

You collected 247 gold pieces.

Inventory:

Hand Weapons
 s - a +0 rapier
Missiles
 e - 5 boomerangs
 v - 5 javelins
 x - 6 poisoned darts
Armour
 c - an orb of light (worn)
 u - a +0 scale mail (worn)
Jewellery
 l - a ring of see invisible (left hand)
 m - a ring of wizardry
 o - a ring of fire
Wands
 b - a wand of polymorph (8)
Scrolls
 d - a scroll of poison
 f - a scroll of magic mapping {unknown}
 h - 5 scrolls of amnesia {unknown}
 i - 3 scrolls of identify {unknown}
 k - 2 scrolls of teleportation {unknown}
 n - 2 scrolls of enchant weapon {unknown}
 r - a scroll of fog {unknown}
 t - 2 scrolls of blinking
 w - a scroll of immolation {unknown}
 y - a scroll of noise {unknown}
 A - a scroll of brand weapon {unknown}
Potions
 a - 2 potions of mutation
 q - a potion of cancellation


   Skills:
 + Level 7.7 Fighting
 - Level 3.0 Throwing
 + Level 4.2 Armour
 - Level 5.0 Dodging
 - Level 3.0 Unarmed Combat


You had 7 spell levels left.
You didn't know any spells.
Your spell library contained the following spells:

 Spells                   Type           Power      Damage    Failure   Level
 Blink                    Tloc           0%         N/A       69%         2
 Manifold Assault         Tloc           0%         N/A       99%         4
 Storm Form               Tmut/Air       0%         N/A       100%        7


Dungeon Overview and Level Annotations

Branches:
Dungeon (5/15)
 Temple: D:4-7

Altars:
Makhleb

Annotations:
D:5 Edmund


Innate Abilities, Weirdness & Mutations

You have a pair of small horns on your head.
You sometimes emit foul miasma when damaged in melee.
You are partially covered in sharp spines.
Your movements are significantly less encumbered by armour. (ER -6)
Your spells are a little harder to cast, but a little more powerful.
You are vulnerable to heat. (rF-)
You passively dampen the noise of your surroundings.


Message History

It was a potion of curing.
You feel better. Edmund misses you.
You hit Edmund. You headbutt Edmund, but do no damage.
Edmund is almost dead.
You hit Edmund but do no damage.
Edmund is almost dead.
Edmund zaps a wand.
The puff of flame misses you.
You completely miss Edmund. You headbutt Edmund, but do no damage.
Edmund is almost dead.
Edmund barely misses you.
You hit Edmund but do no damage.
Edmund is almost dead.
Edmund misses you.
You hit Edmund but do no damage.
Edmund is almost dead.
Edmund hits you with a +1 flail of protection!
* * * LOW HITPOINT WARNING * * *
It was a potion of degeneration.
There was something very wrong with that liquid.
You feel weakened.
You feel dopey.
You feel clumsy.
Edmund hits you with a +1 flail of protection.
* * * LOW HITPOINT WARNING * * *
The air fills with toxic fumes!
As you read the scroll labelled ENAOCK DIHAG, it crumbles to dust.
It was a scroll of poison.
Edmund gestures with his flail.
Edmund closely misses you.
You hit Edmund but do no damage.
Edmund is almost dead.
Edmund hits you with a +1 flail of protection.
* * * LOW HITPOINT WARNING * * *
Blink to where?
Press: ? - help, Dir - move target Really blink into that cloud of poison gas?
As you read the scroll labelled ONATOERPHEACI, it crumbles to dust.
It was a scroll of blinking.
You are engulfed in poison gas.
You are poisoned.
* * * LOW HITPOINT WARNING * * *
x2 You feel very sick.
Edmund zaps a wand.
The puff of flame hits you! The fire burns you terribly!
You die...

##### ###########
########§§§# ....#.....##
##.§....#§KK#
.)..'......###..§§§..#KKK
#####.......#...§§§§§##@#
............#...@§§§§§§§#
....).......'...§§§§§§§§#
...().......#.(.§§§§§§§§#
#####.......#...§§§§§##+#
...)'......###..§§§§§#
...)#.....## ##.§§§§.#
########### ########
≈≈≈≈≈≈≈≈≈≈≈≈≈
≈≈≈≈≈≈≈≈≈≈≈≈≈


You could see Edmund.

Vanquished Creatures
  Grinder (D:3)
  Sigmund (D:4)
  2 black bears
  3 ogres
  2 scorpions (D:4)
  4 hounds
  An orc priest (D:4)
  Jessica (D:2)
  An iguana (D:3)
  A sleepcap (D:4)
  An orc wizard (D:4)
  11 gnolls
  6 adders
  An ufetubus (D:4)
  2 worms
  8 dart slugs
  11 orcs
  5 bats
  7 endoplasms
  4 giant cockroaches
  4 goblins (D:2)
  7 hobgoblins
  A quokka (D:3)
  7 ball pythons
  3 frilled lizards
  19 kobolds
  4 rats
118 creatures vanquished.

Notes
Turn   | Place    | Note
-------+----------+-------------------------------------------
     0 | D:1      | ryw the Demonspawn Monk began the quest for the Orb.
     0 | D:1      | Reached XP level 1. HP: 18/18 MP: 1/1
   187 | D:1      | Gained mutation: You may rarely emit foul miasma when
                  | damaged in melee. [demonic ancestry]
   187 | D:1      | Reached XP level 2. HP: 23/24 MP: 2/2
   713 | D:2      | Found a burning altar of Makhleb.
   716 | D:2      | Noticed Jessica
   732 | D:2      | Killed Jessica
   733 | D:2      | Reached skill level 4 in Fighting
   733 | D:2      | Gained mutation: You are partially covered in sharp spines.
                  | [demonic ancestry]
   733 | D:2      | Reached XP level 3. HP: 27/30 MP: 3/3
   803 | D:2      | Gained mutation: Your movements are slightly less
                  | encumbered by armour. (ER -2) [demonic ancestry]
   803 | D:2      | Reached XP level 4. HP: 19/38 MP: 4/4
  1131 | D:2      | Reached skill level 5 in Fighting
  1296 | D:1      | Gained mutation: You have a pair of small horns on your
                  | head. [demonic ancestry]
  1296 | D:1      | Reached XP level 5. HP: 38/44 MP: 5/5
  1679 | D:2      | Found a faded altar of an unknown god.
  1839 | D:3      | Reached skill level 6 in Fighting
  2046 | D:3      | Noticed Grinder
  2453 | D:3      | Paralysed by Grinder for 4 turns
  2489 | D:3      | Paralysed by Grinder for 5 turns
  2499 | D:3      | Killed Grinder
  2500 | D:3      | Reached skill level 1 in Throwing
  2500 | D:3      | Reached skill level 1 in Armour
  2500 | D:3      | Gained mutation: Your movements are less encumbered by
                  | armour. (ER -4) [demonic ancestry]
  2500 | D:3      | Reached XP level 6. HP: 53/53 MP: 6/6
  2920 | D:4      | Gained mutation: You sometimes emit foul miasma when
                  | damaged in melee. [demonic ancestry]
  2920 | D:4      | Reached XP level 7. HP: 42/59 MP: 7/7
  3900 | D:4      | Reached skill level 7 in Fighting
  3977 | D:4      | Noticed Sigmund
  3985 | D:4      | Killed Sigmund
  3986 | D:4      | Gained mutation: Your movements are significantly less
                  | encumbered by armour. (ER -6) [demonic ancestry]
  3986 | D:4      | Reached XP level 8. HP: 65/67 MP: 8/8
  4276 | D:5      | Entered Level 5 of the Dungeon
  4374 | D:5      | Reached skill level 5 in Dodging
  4436 | D:5      | Noticed Edmund
  4461 | D:5      | Gained mutation: Your spells are a little harder to cast,
                  | but a little more powerful. [potion of mutation]
  4461 | D:5      | Gained mutation: You are vulnerable to heat. (rF-) [potion
                  | of mutation]
  4461 | D:5      | Gained mutation: You passively dampen the noise of your
                  | surroundings. [potion of mutation]
  4473 | D:5      | HP: 2/68 [poisoned by you (poison gas)]
  4473 | D:5      | Killed from afar by Edmund

Illustrated notes

Levels and vault maps discovered:
D:1:      minmay_arrival_radiant_lines, layout_loops_ring
D:2:      layout_basic, ebering_ecumenical_altar_hall, basic_altar,
          minmay_tiny_reverse_x, uniq_jessica
D:3:      minmay_chambers_of_twos, layout_loops_ring, uniq_grinder
D:4:      layout_layer_cave, tso_metal_star, skrybe_limestone_x, uniq_sigmund
D:5:      minmay_goblin_kobold_castle, layout_rooms,
          minmay_temple_entry_from_below_a, cheibrodos_sewer_entry_bend,
          kennysheep_windowed_goal, uniq_menkaure, uniq_edmund

Skill      XL: |  1  2  3  4  5  6  7  8 |
---------------+-------------------------+-----
Unarmed Combat | 3 |  3.0
Dodging        | 3 4 5 |  5.0
Fighting       | 4 5 6 7 |  7.7
Throwing       | 1 3 |  3.0
Armour         | 1 3 4 |  4.2

Action                     |  1- 3 |  4- 6 |  7- 9 || total
---------------------------+-------+-------+-------++-------
  Melee: Unarmed           |    63 |   138 |   123 ||   324
         Headbutt          |       |    28 |    37 ||    65
  Throw: Dart              |       |     7 |       ||     7
         Javelin           |       |     5 |       ||     5
    Use: Potion            |     1 |       |     6 ||     7
         Scroll            |       |       |     2 ||     2
 Armour: Robe              |     3 |       |       ||     3
         Leather armour    |     9 |     6 |       ||    15
         Scale mail        |       |    20 |    29 ||    49
  Dodge: Dodged            |    35 |    83 |    73 ||   191

Table legend: (Time is in decaauts)
 A = Elapsed time spent in this place.
 B = Non-inter-level travel time spent in this place.
 C = Inter-level travel time spent in this place.
 D = Time resting spent in this place.
 E = Time spent auto-exploring this place.
 F = Levels seen in this place.
 G = Mean time per level.
                   A        B        C        D        E       F      G
               +--------+--------+--------+--------+--------+-----+--------+
         Total |   4463 |   4186 |    277 |    393 |   2954 |   5 |  892.6 |
       Dungeon |   4463 |   4186 |    277 |    393 |   2954 |   5 |  892.6 |
               +--------+--------+--------+--------+--------+-----+--------+

Top non-repeatable levels by time:
     D:4: 1401 daAuts
     D:1: 1101 daAuts
     D:3: 1069 daAuts
     D:2: 696 daAuts
     D:5: 193 daAuts
